AoeStats
← m.rionegro

MegaRandom

507829744Analyzed
3v3 RM · 14d ago on Sep 19, 2026· 54m 30s· 6 players
Game mode
Random Map
Map size
Normal (6 player)
Population
200
Speed
Normal
Resources
Standard
Victory
Conquest
Starting age
Dark Age
Ending age
Imperial Age
RankedLock teamsTeams togetherTeam positionsShared explorationLock speedFull tech treeHidden civsTurbo modeCheats
Victory
Defeat
🇪🇸 Teutons · Spain
974
+9
🇪🇸 Bulgarians · Spain
894
+11
🇪🇸 Koreans · Spain
695
+19
796
-13
🇦🇷 Persians · Argentina
782
-13
🇦🇷 Portuguese · Argentina
781
-13
HEAD__SHOT
1:24 Loom
11:02 Feudal Age
12:16 Wheelbarrow
13:41 Horse Collar
16:53 Double-Bit Axe
21:37 Castle Age
22:51 Stone Mining
22:53 Gold Mining
23:58 Hand Cart
26:40 Bow Saw
29:47 Fervor
32:39 Fletching
32:50 Padded Archer Armor
33:40 Gold Shaft Mining
35:45 Kamandaran
35:48 Bodkin Arrow
36:09 Leather Archer Armor
36:33 Crossbowman
39:50 Caravan
42:15 Ballistics
41:51 Murder Holes
42:06 Masonry
47:08 Imperial Age
46:21 Thumb Ring
48:36 Chemistry
48:07 Architecture
48:43 Stone Shaft Mining
49:30 Conscription
50:13 Ring Archer Armor
53:57 Elite War Elephant
54:51 Scale Barding Armor
󠀡󠀡󠀡󠀡󠀡󠀡󠀡󠀡
10:19 Feudal Age
12:34 Horse Collar
15:35 Wheelbarrow
17:39 Castle Age
22:41 Gold Mining
23:44 Double-Bit Axe
23:56 Loom
23:56 Town Watch
27:56 Hand Cart
28:40 Bloodlines
28:30 Husbandry
29:20 Husbandry
30:22 Heavy Plow
30:36 Bow Saw
30:50 Tusk Swords
33:13 Stone Mining
34:06 Gold Shaft Mining
33:43 Scale Barding Armor
33:39 Scale Mail Armor
33:49 Forging
33:30 Fletching
33:40 Padded Archer Armor
34:06 Ballistics
36:08 Fortified Wall
35:53 Murder Holes
40:28 Imperial Age
40:39 Stone Shaft Mining
41:56 Conscription
43:58 Hoardings
45:59 Chemistry
45:11 Masonry
47:21 Elite Battle Elephant
47:24 Elite Ballista Elephant
48:06 Double Crossbow
nahuelbasylkiv
14:18 Feudal Age
12:34 Loom
14:44 Double-Bit Axe
14:44 Horse Collar
21:14 Fletching
23:55 Gold Mining
24:23 Padded Archer Armor
27:35 Castle Age
26:58 Stone Mining
28:30 Crossbowman
29:41 Pikeman
33:10 Bow Saw
36:43 Murder Holes
38:08 Stone Shaft Mining
39:24 Wheelbarrow
39:37 Ballistics
43:51 Circumnavigation
44:55 Bloodlines
48:56 Circumnavigation
Nostradamus
0:27 Loom
13:37 Feudal Age
20:33 Castle Age
19:28 Double-Bit Axe
23:07 Husbandry
31:55 Town Watch
32:48 Wheelbarrow
34:53 Bow Saw
34:44 Elite Skirmisher
36:02 Hand Cart
45:01 Imperial Age
43:00 Caravan
45:18 Elite Konnik
47:37 Conscription
47:14 Stirrups
51:09 Padded Archer Armor
51:00 Fletching
51:21 Forging
51:17 Scale Barding Armor
51:12 Scale Mail Armor
Saloth Sar
0:28 Loom
2:00 Loom
3:41 Loom
10:53 Loom
12:58 Feudal Age
17:36 Castle Age
16:29 Double-Bit Axe
20:17 Forging
20:12 Scale Barding Armor
25:54 Wheelbarrow
28:22 Hand Cart
35:12 Fletching
35:57 Iron Casting
35:23 Scale Mail Armor
35:44 Chain Barding Armor
38:01 Imperial Age
36:27 Ballistics
38:08 Onager
40:44 Crenellations
40:47 Conscription
40:47 Ironclad
41:08 Bodkin Arrow
42:14 Blast Furnace
41:00 Siege Onager
41:15 Pikeman
41:56 Squires
41:41 Arson
42:39 Gold Mining
42:39 Halberdier
43:44 Caravan
45:27 Chain Mail Armor
m.rionegro
0:47 Loom
15:18 Feudal Age
23:27 Castle Age
21:20 Double-Bit Axe
23:09 Horse Collar
23:23 Gold Mining
23:23 Stone Mining
23:23 Arson
22:59 Man-at-Arms
25:48 Heavy Plow
26:25 Stone Shaft Mining
26:26 Gold Shaft Mining
25:16 Elite Skirmisher
29:07 Pikeman
29:48 Squires
33:36 Husbandry
33:25 Gambesons
36:53 Wheelbarrow
36:04 Town Watch
36:36 Bow Saw
35:56 Long Swordsman
37:40 Fortified Wall
37:52 Ballistics
40:13 Eupseong
40:22 Scale Barding Armor
40:17 Scale Mail Armor
40:28 Forging
40:09 Fletching
40:49 Caravan
43:25 Chain Mail Armor
43:31 Chain Barding Armor
43:48 Iron Casting
43:08 Bodkin Arrow
44:40 Siphons
44:31 Murder Holes
44:16 Treadmill Crane
44:27 Heated Shot
44:49 Careening
49:38 Imperial Age
47:26 Hand Cart
47:11 Town Patrol
51:15 Shinkichon
51:16 Conscription
50:48 Halberdier
50:50 Elite Fire Lancer
52:42 Chemistry
Connection lost

Rejoining the realm…

Still unreachable

The connection could not be restored.

Session expired

The server has moved on; the page needs a fresh start.